 Dungeon Crawl Stone Soup version 0.19.0-19-g8c6edcc (webtiles) character file.

1029 Monsterracer the Basher (level 8, -1/60 HPs)
             Began as a Formicid Fighter on Nov 13, 2016.
             Was an Initiate of Ru.
             Slain by a smoke demon (3 damage)
             ... created by the fury of Makhleb
             ... on level 5 of the Dungeon.
             The game lasted 00:10:33 (4163 turns).

Monsterracer the Basher (Formicid Fighter)          Turns: 4163, Time: 00:10:34

Health: -1/60      AC: 12    Str: 26    XL:     8   Next: 47%
Magic:  8/8        EV:  6    Int: 10    God:    Ru [......]
Gold:   252        SH: 11    Dex: 12    Spells: 0 memorised, 7 levels left

rFire  . . .     SeeInvis +     a - +0 flail
rCold  . . .     Gourm    .     r - +0 plate armour
rNeg   . . .     Faith    .     c - +0 shield
rPois  .         Spirit   .     (helmet unavailable)
rElec  .         Reflect  .     (no cloak)
rCorr  .         Harm     .     (no gloves)
MR     .....                    i - +0 pair of boots
Stlth  ..........               (no amulet)
                                q - +2 ring of intelligence
                                u - ring of teleportation (curse)

@: mighty, liquid flames, glowing
A: permanent stasis, dig shafts and tunnels, four strong arms, antennae 3
a: Dig, Shaft Self, Sacrifice Nimbleness, Sacrifice Artifice, Sacrifice Skill,
Reject Sacrifices, Renounce Religion


You were on level 5 of the Dungeon.
You worshipped Ru.
Ru was noncommittal.
You were hungry.

You visited 1 branch of the dungeon, and saw 5 of its levels.

You collected 252 gold pieces.

Inventory:

Hand Weapons
 a - a +0 flail (weapon)
Armour
 c - a +0 shield (worn)
 i - a +0 pair of boots (worn)
 r - a +0 plate armour (worn)
Jewellery
 m - an uncursed ring of stealth
 q - a +2 ring of intelligence (right hand)
 u - a cursed ring of teleportation (left hand)
Scrolls
 h - a scroll of blinking {unknown}
 j - 3 scrolls of fog {unknown}
 k - 3 scrolls of remove curse {unknown}
 n - a scroll of immolation {unknown}
 o - 3 scrolls of identify {unknown}
 p - a scroll of random uselessness {unknown}
 s - a scroll of fear {unknown}
 w - a scroll of teleportation {unknown}
 x - a scroll of amnesia {unknown}
Potions
 e - 6 potions of curing
Comestibles
 f - a bread ration
 g - a slice of pizza
 l - 4 meat rations
 t - a beef jerky
 v - 3 chunks of flesh


   Skills:
 + Level 3.8 Fighting
 * Level 8.4 Maces & Flails
 + Level 3.9 Armour
 + Level 5.6 Shields


You had 7 spell levels left.
You didn't know any spells.

Dungeon Overview and Level Annotations

Branches:
Dungeon (5/15)
 Temple: D:4-7

Altars:
Cheibriados
Dithmenos
Elyvilon
Fedhas
Hepliaklqana
Makhleb
Qazlal
Ru
Sif Muna
Vehumet
Yredelemnul
The Shining One


Innate Abilities, Weirdness & Mutations

You are under a permanent stasis effect.
You can dig through walls and to a lower floor.
Your four strong arms can wield two-handed weapons with a shield.
You have a pair of large antennae on your head. (SInv)


Message History

The smoke demon hits you but does no damage.
You feel very mighty all of a sudden. The smoke demon hits you.
* * * LOW HITPOINT WARNING * * *
You block the smoke demon's attack. x2
You are too injured to fight recklessly!
You are too injured to fight recklessly!
You are too injured to fight recklessly!
You closely miss the smoke demon.
The smoke demon is heavily wounded.
The smoke demon gestures at you. The sticky flame hits you!
You are covered in liquid flames!
* * * LOW HITPOINT WARNING * * *
You sock the smoke demon!
The smoke demon is severely wounded.
You are covered in liquid flames!
* * * LOW HITPOINT WARNING * * *
You block the smoke demon's attack. The smoke demon hits you.
You die...

.......#..............##...##.###
...<...##............###..###.###
.........#..........## #..# #..#.
..........#........## #..# ##...
......#...........## #.## ##.#
......###.......### #.# #_#
......# ###....### #.# ###
......# ###..3.### #.# ......#
##..@..## #.# ......#
###....####.# ......# ###....#..#
.....## ###.....# ....## ##....#
...## ##...# #### #...## #....##
#.....###


You could see a smoke demon.

Vanquished Creatures
  Menkaure (D:4)
  An ice beast (D:3)
  A sky beast (D:5)
  An ogre (D:5)
  3 scorpions
  A howler monkey (D:5)
  3 orc priests (D:5)
  A bullfrog skeleton (D:5)
  5 orc wizards
  2 worker ants (D:4)
  4 adders
  An ooze (D:2)
  A worm (D:2)
  4 dart slugs
  3 leopard geckos
  17 orcs
  7 bats
  12 giant cockroaches
  9 goblins
  9 hobgoblins
  11 kobolds
  5 quokkas
  5 frilled lizards
  A leopard gecko zombie (D:5)
  A quokka zombie (D:5)
  6 rats
115 creatures vanquished.

Notes
Turn   | Place    | Note
-------+----------+-------------------------------------------
     0 | D:1      | Monsterracer the Formicid Fighter began the quest for the Orb.
     0 | D:1      | Reached XP level 1. HP: 18/18 MP: 1/1
   104 | D:1      | Reached XP level 2. HP: 23/24 MP: 2/2
   292 | D:1      | Reached skill level 3 in Maces & Flails
   425 | D:1      | Reached XP level 3. HP: 29/29 MP: 3/3
   931 | D:2      | Reached XP level 4. HP: 35/35 MP: 4/4
   934 | D:2      | Reached skill level 4 in Maces & Flails
  1157 | D:2      | You fall through a shaft!
  1330 | D:2      | Found a white marble altar of Elyvilon.
  1569 | D:2      | Found a shadowy altar of Dithmenos.
  1811 | D:3      | Reached XP level 5. HP: 28/41 MP: 5/5
  2208 | D:3      | Reached skill level 5 in Maces & Flails
  2574 | D:3      | Noticed an ice beast
  2594 | D:3      | Killed an ice beast
  2594 | D:3      | Reached skill level 6 in Maces & Flails
  2594 | D:3      | Reached XP level 6. HP: 29/47 MP: 6/6
  2971 | D:4      | Noticed Menkaure
  2980 | D:4      | Killed Menkaure
  2980 | D:4      | Reached skill level 7 in Maces & Flails
  2980 | D:4      | Reached XP level 7. HP: 14/52 MP: 7/7
  3199 | D:4      | Found a stormy altar of Qazlal.
  3387 | D:4      | Found a glowing golden altar of the Shining One.
  3394 | D:4      | Found a burning altar of Makhleb.
  3399 | D:4      | Found a blossoming altar of Fedhas.
  3406 | D:4      | Found a white marble altar of Elyvilon.
  3411 | D:4      | Found a radiant altar of Vehumet.
  3418 | D:4      | Found a deep blue altar of Sif Muna.
  3423 | D:4      | Found a hazy altar of Hepliaklqana.
  3495 | D:5      | Entered Level 5 of the Dungeon
  3649 | D:5      | Reached skill level 5 in Shields
  3649 | D:5      | Reached XP level 8. HP: 50/58 MP: 8/8
  3659 | D:5      | Reached skill level 8 in Maces & Flails
  3823 | D:5      | Found a faded altar of an unknown god.
  3823 | D:5      | Found a faded altar of an unknown god.
  3828 | D:5      | Found a faded altar of an unknown god.
  3831 | D:5      | Found a faded altar of an unknown god.
  3833 | D:5      | Found a snail-covered altar of Cheibriados.
  3846 | D:5      | Became a worshipper of Dithmenos the Shadowed
  3846 | D:5      | Reached * piety under Dithmenos
  3856 | D:5      | Fell from the grace of Dithmenos
  3856 | D:5      | Became a worshipper of Makhleb the Destroyer
  3856 | D:5      | Reached * piety under Makhleb
  3861 | D:5      | Fell from the grace of Makhleb
  3861 | D:5      | Became a worshipper of Yredelemnul the Dark
  3861 | D:5      | Reached * piety under Yredelemnul
  3872 | D:5      | Fell from the grace of Yredelemnul
  3872 | D:5      | Became a worshipper of Ru the Awakened
  4150 | D:5      | Noticed a smoke demon
  4162 | D:5      | HP: 3/60 [smoke demon/sticky flame[the fury of Makhleb] (4)]
  4163 | D:5      | HP: 1/60 [burnt (2)]
  4163 | D:5      | Slain by a smoke demon

Skill      XL: |  1  2  3  4  5  6  7  8 |
---------------+-------------------------+-----
Maces & Flails | 3 4 6 7 8 |  8.4
Shields        | 4 5 |  5.6
Fighting       | |  3.8
Armour         | |  3.9

Action                   |  1- 3 |  4- 6 |  7- 9 || total
-------------------------+-------+-------+-------++-------
Melee: Flail             |   116 |   245 |   151 ||   512
 Abil: Dig               |     1 |     1 |       ||     2
  Use: Potion            |     3 |     2 |     1 ||     6
       Scroll            |       |       |     1 ||     1
  Eat: Chunk             |       |     6 |     5 ||    11
Armor: Scale mail        |    42 |    24 |       ||    66
       Plate armour      |       |   106 |    76 ||   182
Dodge: Dodged            |    30 |    33 |    27 ||    90
Block: Shield            |    47 |   113 |    60 ||   220
